 Dungeon Crawl Stone Soup version 0.29.1-1-gd02db6906a (webtiles) character file.

Game seed: 11315729893236110259

75 jimonade the Gusty (level 4, 0/24 HPs)
             Began as a Deep Elf Air Elementalist on Sept 18, 2022.
             Slain by a gnoll
             ... wielding a +0 spear
              (5 damage)
             ... on level 2 of the Dungeon.
             The game lasted 00:04:31 (1273 turns).

jimonade the Gusty (Deep Elf Air Elementalist)      Turns: 1273, Time: 00:04:32

Health: 0/24       AC:  2    Str:  5    XL:     4   Next: 11%
Magic:  3/12       EV: 12    Int: 22    God:
Gold:   62         SH:  0    Dex: 15    Spells: 10/11 levels left

rFire   . . .      SeeInvis .   e - +0 dagger
rCold   . . .      Faith    .   (no shield)
rNeg    . . .      Spirit   .   a - +0 robe
rPois   .          Reflect  .   (no helmet)
rElec   .          Harm     .   (no cloak)
rCorr   .          Rampage  .   (no gloves)
Will    .....                   (no boots)
Stlth   ++........              h - amulet of magic regeneration
HPRegen 0.08/turn               g - ring of wizardry
MPRegen 0.53/turn               (no ring)

@: very slightly contaminated
A: no striking features
a: no special abilities


You were on level 2 of the Dungeon.
You visited 1 branch of the dungeon, and saw 2 of its levels.

You collected 62 gold pieces.

Inventory:

Hand Weapons
 e - a +0 dagger (weapon)
 k - a +0 sling
Missiles
 m - 2 throwing nets
Armour
 a - a +0 robe (worn)
 f - a +0 leather armour
Jewellery
 g - a ring of wizardry (left hand)
 h - an amulet of magic regeneration (around neck)
Scrolls
 d - a scroll of fog {unknown}
 j - a scroll of identify {unknown}
 l - a scroll of magic mapping {unknown}
Potions
 b - a potion of magic
 c - a potion of berserk rage {unknown}
 i - 3 potions of lignification {unknown}


   Skills:
 - Level 2.4 Dodging
 - Level 2.4 Stealth
 + Level 4.1 Spellcasting
 + Level 1.8 Conjurations
 * Level 4.2 Air Magic


You had 10 spell levels left.
You knew the following spells:

 Your Spells              Type           Power      Damage    Failure   Level
a - Shock                 Conj/Air       68%        1d7       1%          1

Your spell library contained the following spells:

 Spells                   Type           Power      Damage    Failure   Level
 Static Discharge         Conj/Air       17%        3-6/arc   1%          2
 Swiftness                Air            23%        N/A       2%          3
 Apportation              Tloc           8%         N/A       4%          1
 Necrotise                Necr           16%        1d4       4%          1
 Summon Small Mammal      Summ           16%        N/A       4%          1
 Airstrike                Air            11%        2d(2-18)  8%          4


Dungeon Overview and Level Annotations

Branches:
Dungeon (2/15)

Altars:


Message History

The gnoll is almost dead.
The zap misses the gnoll.
The gnoll barely misses you.
The zap hits the gnoll.
You kill the gnoll!
The zap hits the gnoll.
You kill the gnoll!
The zap hits the gnoll.
The gnoll is moderately wounded.
A gnoll comes into view. It is wielding a +0 spear.
Your Spellcasting skill increases to level 4!
The zap hits the gnoll.
The gnoll is severely wounded.
You miscast Shock.
You are very lightly contaminated with residual magic.
Nothing appears to happen.
The zap hits the gnoll.
The gnoll is severely wounded.
The zap hits the gnoll.
The gnoll is moderately wounded.
The gnoll closely misses you.
The zap hits the gnoll.
You kill the gnoll!
The zap misses the gnoll.
The gnoll hits you from afar with a +0 spear.
You have reached level 4!
You feel clever.
Aiming: Shock (safe; 1% risk of failure)
Press: ? - help, Q - select action, (/) - cycle Shift-Dir - straight line, f - gnoll
Aim: a gnoll, wielding a +0 spear (moderately wounded, 75% to hit)
The zap hits the gnoll.
The gnoll is heavily wounded.
The gnoll hits you from afar with a +0 spear.
* * * LOW HITPOINT WARNING * * *
Aiming: Shock (safe; 1% risk of failure)
Press: ? - help, Q - select action, (/) - cycle Shift-Dir - straight line, f/p - gnoll
Aim: a gnoll, wielding a +0 spear (heavily wounded, 75% to hit)
The zap hits the gnoll.
The gnoll is almost dead.
The gnoll hits you from afar with a +0 spear.
You die...

######## #......#
##########[...#.########
.........#....#.@)g)....
.........#....#######...
.........'........
.........#.........
.........#...###..#
.........#...# ...
.........#...# ..
.........+...+
#####'####...#


You could see a gnoll.

Vanquished Creatures
  An adder (D:2)
  3 gnolls (D:2)
  A dart slug (D:2)
  5 ball pythons (D:1)
  2 bats (D:1)
  An endoplasm (D:2)
  A giant cockroach (D:1)
  4 goblins (D:1)
  5 hobgoblins (D:1)
  2 jackals (D:1)
  A kobold (D:1)
  A quokka (D:2)
  3 frilled lizards
  4 rats (D:1)
34 creatures vanquished.

Notes
Turn   | Place    | Note
-------+----------+-------------------------------------------
     0 | D:1      | jimonade the Deep Elf Air Elementalist began the quest for
                  | the Orb.
     0 | D:1      | Reached XP level 1. HP: 10/10 MP: 6/6
   292 | D:1      | Reached XP level 2. HP: 15/15 MP: 2/8
   733 | D:1      | Reached XP level 3. HP: 19/19 MP: 8/10
  1272 | D:2      | Reached XP level 4. HP: 10/24 MP: 4/12
  1273 | D:2      | Slain by a gnoll

Illustrated notes

Levels and vault maps discovered:
D:1:      dpeg_arrival_central, layout_basic
D:2:      layout_basic

Skill      XL: |  1  2  3 |
---------------+----------+-----
Air Magic      | 4 |  4.2
Spellcasting   | 4 |  4.1
Dodging        | |  2.4
Stealth        | |  2.4
Conjurations   | |  1.8

Action                   |  1- 3 |  4- 6 || total
-------------------------+-------+-------++-------
Melee: Unarmed           |     1 |       ||     1
 Cast: Shock             |    67 |     2 ||    69
Dodge: Dodged            |    15 |       ||    15
